 Dungeon Crawl Stone Soup version 0.25-a0-1015-g4819203062 (webtiles) character file.

Game seed: 17762176431861456729, levelgen mode: deterministic

208 Essalna the Firebug (level 6, -6/43 HPs)
             Began as a Human Fire Elementalist on May 12, 2020.
             Splashed by Ijyb's acid (10 damage)
             ... on level 3 of the Dungeon.
             The game lasted 00:08:44 (3743 turns).

Essalna the Firebug (Human Fire Elementalist)       Turns: 3743, Time: 00:08:44

Health: -6/43      AC:  4    Str:  9    XL:     6   Next: 11%
Magic:  3/10       EV: 10    Int: 17    God:
Gold:   140        SH:  0    Dex: 13    Spells: 10/11 levels left

rFire    . . .     SeeInvis .   h - +2 dagger (venom)
rCold    + . .     Gourm    .   (no shield)
rNeg     . . .     Faith    .   k - +2 ring mail {rC+}
rPois    .         Spirit   .   f - +0 helmet
rElec    .         Reflect  .   (no cloak)
rCorr    .         Harm     .   (no gloves)
MR       .....                  (no boots)
Stlth    +.........             (no amulet)
HPRegen  0.14/turn              (no ring)
MPRegen  0.12/turn              (no ring)

@: corroded, lightly drained
A: no striking features
a: no special abilities


You were on level 3 of the Dungeon.
You were not hungry.

You visited 1 branch of the dungeon, and saw 3 of its levels.

You collected 140 gold pieces.

Inventory:

Hand Weapons
 g - a +0 spear
 h - a +2 dagger of venom (weapon)
 j - a +1 hand axe of draining
Missiles
 r - 8 silver javelins (quivered)
Armour
 a - a +0 robe
 f - a +0 helmet (worn)
 k - a +2 ring mail of cold resistance (worn)
Scrolls
 b - a scroll of blinking {unknown}
 d - 2 scrolls of teleportation {unknown}
 e - a scroll of noise {unknown}
 n - a scroll of fog {unknown}
 p - a scroll of amnesia {unknown}
 s - a scroll of random uselessness {unknown}
 u - 2 scrolls of remove curse {unknown}
Potions
 l - a potion of brilliance
 q - a potion of lignification {unknown}
 t - a potion of heal wounds {unknown}
Comestibles
 c - 4 rations
 i - 2 chunks of flesh


   Skills:
 + Level 1.2 Fighting
 + Level 1.3(1.2) Armour
 - Level 2.2 Dodging
 - Level 2.0(1.9) Stealth
 + Level 3.2 Spellcasting
 + Level 2.7 Conjurations
 + Level 4.1 Fire Magic


You had 10 spell levels left.
You knew the following spells:

 Your Spells              Type           Power        Failure   Level  Hunger
a - Foxfire               Conj/Fire      ##..         12%         1    None

Your spell library contained the following spells:

 Spells                   Type           Power        Failure   Level  Hunger
 Conjure Flame            Conj/Fire      ##......     34%         3    ###....
 Inner Flame              Hex/Fire       #.......     52%         3    ###....
 Sticky Flame             Conj/Fire      ##......     75%         4    ####...
 Fireball                 Conj/Fire      ##........   97%         5    ######.


Dungeon Overview and Level Annotations

Branches:
Dungeon (3/15)

Altars:
Sif Muna
Zin

Annotations:
D:3 2 transporters, Ijyb


Message History

Ijyb is moderately wounded.
Ijyb zaps a wand.
The bolt of acid hits your foxfire!!
Your foxfire is splashed with acid.
The acid corrodes your foxfire! The bolt of acid misses you.
Casting: Foxfire (safe; 12% risk of failure)
Confirm with . or Enter, or press ? or * to list all spells.
You conjure some foxfire!
The foxfire hits Ijyb.
Ijyb is heavily wounded.
The foxfire hits Ijyb but does no damage.
Ijyb is heavily wounded.
Casting: Foxfire (safe; 12% risk of failure)
Confirm with . or Enter, or press ? or * to list all spells.
You conjure some foxfire!
The foxfire hits Ijyb.
Ijyb is heavily wounded.
The foxfire hits Ijyb.
Ijyb is severely wounded.
Ijyb zaps a wand.
The bolt of acid hits you!!
* * * LOW HITPOINT WARNING * * *
You are splashed with acid!
You die...

...g####.#.....#..#.≈≈≈≈≈
....####.#.....#..#.≈P♣≈≈
...g#..#.#.....#..#.≈≈≈≈≈.#.
....#..#.#.....#..#.≈!..≈.#.
....#<.#.#.....#..#5≈...≈5#.
.......#.#.....#..####+####.
.......#.#.....#..#P../..P#.
......##.#.....§v§#8P.©.P8#.
......##...##..§@§#########.
..)...####.##..v§.§...©.....
......'.......##)g###.......
......####.........# #...###
......# #.............##...
###...# #.............# ..
##### #.....###.....# .
#.....# .....#
#...#.###.....#


You could see Ijyb and a shadow imp.

Vanquished Creatures
  Natasha (twice) (D:3)
  Terence (D:2)
  Robin (D:3)
  4 adders
  An ooze (D:3)
  2 worms (D:2)
  A dart slug (D:2)
  3 leopard geckos
  2 bats
  5 giant cockroaches
  14 goblins
  15 hobgoblins
  2 jackals (D:3)
  6 kobolds
  A quokka (D:2)
  3 ball pythons (D:3)
  4 frilled lizards
  4 rats
71 creatures vanquished.

Vanquished Creatures (others)
  173 foxfires
173 creatures vanquished.

Grand Total: 244 creatures vanquished

Notes
Turn   | Place    | Note
-------+----------+-------------------------------------------
     0 | D:1      | Essalna the Human Fire Elementalist began the quest for the
                  | Orb.
     0 | D:1      | Reached XP level 1. HP: 13/13 MP: 3/3
   201 | D:1      | Reached XP level 2. HP: 16/19 MP: 0/5
   902 | D:2      | Found a glowing silver altar of Zin.
  1016 | D:2      | Reached XP level 3. HP: 24/24 MP: 4/6
  1086 | D:2      | Found a shimmering blue altar of Sif Muna.
  1519 | D:2      | Noticed Terence
  1674 | D:2      | Killed Terence
  1674 | D:2      | Reached XP level 4. HP: 30/30 MP: 0/8
  2381 | D:3      | Reached XP level 5. HP: 36/36 MP: 3/9
  2454 | D:3      | Noticed Natasha
  2461 | D:3      | Killed Natasha
  2802 | D:3      | Reached skill level 4 in Fire Magic
  2818 | D:3      | Found a transporter.
  2835 | D:3      | Found a transporter.
  2851 | D:3      | Reached skill level 1 in Armour
  2862 | D:3      | Noticed Ijyb
  2885 | D:3      | Noticed Natasha
  3171 | D:3      | Noticed Robin
  3200 | D:3      | Reached skill level 1 in Fighting
  3223 | D:3      | Killed Robin
  3685 | D:3      | Killed Natasha
  3685 | D:3      | Reached XP level 6. HP: 43/43 MP: 4/10
  3743 | D:3      | Splashed by Ijyb's acid

Illustrated notes

Levels and vault maps discovered:
D:1:      minmay_arrival_shoal_huts, layout_basic, serial_rivers,
          chequers_serial_rivers_micro_c, chequers_serial_rivers_micro_e,
          chequers_serial_rivers_small_b, chequers_serial_rivers_small_b,
          chequers_serial_rivers_micro_b, chequers_serial_rivers_small_b
D:2:      layout_basic, old_standard_altar, overflow_temple_1_default,
          uniq_terence
D:3:      gammafunk_wand_slinger, layout_basic, uniq_robin,
          uniq_crazy_yiuf_cottage, uniq_ijyb, uniq_natasha

Skill      XL: |  1  2  3  4  5 |
---------------+----------------+-----
Conjurations   | 2 |  2.7
Spellcasting   | 3 |  3.2
Fire Magic     | 4 |  4.1
Armour         | 1 |  1.3
Fighting       | 1 |  1.2
Dodging        | |  2.2
Stealth        | |  2.0

Action                   |  1- 3 |  4- 6 || total
-------------------------+-------+-------++-------
Melee: Unarmed           |     9 |       ||     9
       Spear             |    25 |       ||    25
       Dagger            |       |    73 ||    73
       Hand axe          |       |     1 ||     1
 Cast: Foxfire           |    50 |    61 ||   111
  Use: Potion            |       |     3 ||     3
 Stab: Sleeping          |     1 |       ||     1
  Eat: Chunk             |     3 |     7 ||    10
Armor: Robe              |     7 |       ||     7
       Ring mail         |       |    28 ||    28
Dodge: Dodged            |    20 |    49 ||    69

Table legend:
 A = Non-vault XP
 B = Vault XP
 C = Vault XP percentage of total XP
 D = Non-vault monster count
 E = Vault monster count
 F = Vault count percentage of total count
                 A         B        C        D         E       F
            +---------+---------+-------+---------+---------+-------
      Total |     197 |     101 |  33.9 |      58 |      13 |  18.3
            +---------+---------+-------+---------+---------+-------
        D:1 |      21 |       0 |   0.0 |      11 |       0 |   0.0
        D:2 |      62 |      32 |  34.0 |      23 |       1 |   4.2
        D:3 |     114 |      69 |  37.7 |      24 |      12 |  33.3
            +---------+---------+-------+---------+---------+-------
